 Dungeon Sprint DCSS version 0.27.1-34-g3ba077fa99 (webtiles) character file.

Game seed: 552999966061216308

123 Arum the Shield-Bearer (level 5, -10/46 HPs)
             Began as a Formicid Fighter on Jan 16, 2022.
             Was an Initiate of Okawaru.
             Mangled by a two-headed ogre (19 damage)
             ... in the Dungeon (Sprint IX: "|||||||||||||||||||||||||||||").
             The game lasted 00:01:07 (360 turns).

Arum the Shield-Bearer (Formicid Fighter)            Turns: 360, Time: 00:01:08

Health: -10/46     AC: 14    Str: 24    XL:     5   Next: 28%
Magic:  5/5        EV:  6    Int:  8    God:    Okawaru [......]
Gold:   0          SH: 11    Dex: 10    Spells: 4/4 levels left

rFire    . . .     SeeInvis +   k - +0 lajatang
rCold    . . .     Faith    .   c - +0 kite shield
rNeg     . . .     Spirit   .   m - +0 plate armour
rPois    .         Reflect  .   (helmet unavailable)
rElec    .         Harm     .   (no cloak)
rCorr    .         Rampage  .   (no gloves)
Will     .....                  l - +0 pair of boots
Stlth    ..........             (no amulet)
HPRegen  0.15/turn              o - +3 ring of strength
MPRegen  0.09/turn              (no ring)

@: mighty
A: permanent stasis, dig shafts and tunnels, antennae 3, four strong arms
a: Dig, Renounce Religion


You were in the Dungeon.
You worshipped Okawaru.
Okawaru was noncommittal.
You visited 1 branch

Inventory:

Hand Weapons
 a - a +0 quarterstaff
 k - a +0 lajatang (weapon)
Armour
 c - a +0 kite shield (worn)
 l - a +0 pair of boots (worn)
 m - a +0 plate armour (worn)
Jewellery
 o - a +3 ring of strength (left hand)
Wands
 j - a wand of acid (10)
Scrolls
 i - 2 scrolls of amnesia
Potions
 e - a potion of invisibility
 f - 2 potions of heal wounds
 g - 4 potions of magic
 h - 4 potions of curing


   Skills:
 + Level 6.2 Fighting
 + Level 5.1 Staves
 + Level 6.1 Armour
 + Level 6.7 Shields


You had 4 spell levels left.
You didn't know any spells.
Your spell library was empty.

Dungeon Overview and Level Annotations

Branches:
Dungeon (1/1)

Altars:
Cheibriados
Dithmenos
Elyvilon
Fedhas
Gozag
Hepliaklqana
Kikubaaqudgha
Makhleb
Nemelex Xobeh
Okawaru
Qazlal
Ru
Sif Muna
Trog
Uskayaw
Vehumet
Wu Jian
Xom
Yredelemnul
Zin
The Shining One
Beogh
Jiyva
Lugonu


Innate Abilities, Weirdness & Mutations

You cannot be hasted, slowed, berserked, paralysed or teleported.
You can dig through walls and to a lower floor.
You have a pair of large antennae on your head. (SInv)
Your four strong arms can wield two-handed weapons with a shield.


Message History

m - a +0 plate armour Drop what? 15/52 slots (_ for help) (? for menu, Esc to quit)
You drop a +3 ring of intelligence.
You start removing your armour.
You continue taking off your +0 scale mail. x4
You finish taking off your +0 scale mail.
You start putting on your armour.
You continue putting on your +0 plate armour. x5
You finish putting on your +0 plate armour.
Unknown command.
You start putting on your armour.
You continue putting on your +0 pair of boots. x4
You finish putting on your +0 pair of boots.
Unknown command.
Drop what? 14/52 slots (_ for help) (? for menu, Esc to quit)
You drop a +0 scale mail.
You open the door.
A centaur, 2 two-headed ogres, 2 trolls and a wight come into view.
The troll shouts!
The two-headed ogre shouts in stereo!
The centaur shouts!
The troll shouts!
The two-headed ogre shouts in stereo!
Unknown command.
You feel very mighty all of a sudden.
The two-headed ogre hits you with a +0 giant club!
You block the two-headed ogre's attack.
You barely miss the two-headed ogre.
The two-headed ogre hits you with a +0 giant club!
The two-headed ogre completely misses you.
You slice the two-headed ogre!!
The two-headed ogre is heavily wounded.
The two-headed ogre hits you with a +0 giant club!
* * * LOW HITPOINT WARNING * * *
The two-headed ogre completely misses you.
You slash the two-headed ogre!
The two-headed ogre is severely wounded.
The two-headed ogre barely misses you. You block the two-headed ogre's attack.
You slash the two-headed ogre!
The two-headed ogre is almost dead.
You block the two-headed ogre's attack.
The two-headed ogre hits you with a +0 giant club!!
You die...

▓.▓
▓z▓
{
▓T▓
▓c▓
▓O▓
▓T▓
▓O▓
▓@▓
▓[▓
{
▓.▓
{
▓[▓
{
▓.▓
{
▓.▓
{
▓)▓
{
▓?▓
{
▓.▓
{


You could see 2 two-headed ogres, 2 trolls, a centaur and a wight.

Vanquished Creatures
  A phantom (D)
  A jelly (D)
  An adder (D)
  An orc (D)
  A ball python (D)
  A ball python zombie (D)
  2 bats (D)
  2 kobolds (D)
10 creatures vanquished.

Notes
Turn   | Place    | Note
-------+----------+-------------------------------------------
     0 | D        | Arum the Formicid Fighter began the quest for the Orb.
     0 | D        | Reached XP level 1. HP: 18/18 MP: 1/1
    71 | D        | Noticed a jelly
    71 | D        | Noticed a phantom
    76 | D        | Reached XP level 2. HP: 20/25 MP: 2/2
    95 | D        | Killed a phantom
    96 | D        | Reached skill level 5 in Fighting
    96 | D        | Reached skill level 5 in Armour
    96 | D        | Reached XP level 3. HP: 15/34 MP: 3/3
    96 | D        | Reached XP level 4. HP: 18/40 MP: 4/4
    98 | D        | Reached skill level 5 in Staves
    98 | D        | Reached XP level 5. HP: 18/46 MP: 5/5
   286 | D        | Found a snail-covered altar of Cheibriados.
   286 | D        | Found a shadowy altar of Dithmenos.
   286 | D        | Found a white marble altar of Elyvilon.
   286 | D        | Found a blossoming altar of Fedhas.
   286 | D        | Found an opulent altar of Gozag.
   287 | D        | Found a hazy altar of Hepliaklqana.
   288 | D        | Found a viscous altar of Jiyva.
   289 | D        | Found an ancient bone altar of Kikubaaqudgha.
   290 | D        | Found a corrupted altar of Lugonu.
   291 | D        | Found a burning altar of Makhleb.
   292 | D        | Found a sparkling altar of Nemelex Xobeh.
   293 | D        | Found an iron altar of Okawaru.
   294 | D        | Found a stormy altar of Qazlal.
   295 | D        | Found a sacrificial altar of Ru.
   296 | D        | Found a shimmering blue altar of Sif Muna.
   297 | D        | Found a bloodstained altar of Trog.
   298 | D        | Found a hide-covered altar of Uskayaw.
   299 | D        | Found a radiant altar of Vehumet.
   300 | D        | Found an ornate altar of the Wu Jian Council.
   301 | D        | Became a worshipper of Warmaster Okawaru
   302 | D        | Found a shimmering altar of Xom.
   303 | D        | Found a basalt altar of Yredelemnul.
   304 | D        | Found a glowing silver altar of Zin.
   305 | D        | Found a glowing golden altar of the Shining One.
   355 | D        | Noticed a troll
   355 | D        | Noticed a two-headed ogre
   355 | D        | Noticed a centaur
   355 | D        | Noticed a troll
   355 | D        | Noticed a two-headed ogre
   360 | D        | Mangled by a two-headed ogre

Illustrated notes

Levels and vault maps discovered:
D:        linesprint [early_d, line_temple, items_1, d_10, items_2, lair_1,
          lair_end, items_3, orc_1, orc_end, items_4, d_15, swamp_1, shoals_1,
          snake_1, spider_1, d_20, vaults_1, items_5, swamp_end, shoals_end,
          snake_end, spider_end, vaults_end, d_27, items_6, zot_1, zot_end,
          crypt_end, forest_end, elf_end, slime_end, tomb_end, abyss_end,
          pan_hell_end]

Skill      XL: |  1  2  3  4 |
---------------+-------------+-----
Shields        | 4 6 |  6.7
Fighting       | 4 5 6 |  6.2
Staves         | 3 4 5 |  5.1
Armour         | 4 5 6 |  6.1

Action                   |  1- 3 |  4- 6 || total
-------------------------+-------+-------++-------
Melee: Quarterstaff      |    36 |     5 ||    41
       Lajatang          |       |     4 ||     4
  Use: Potion            |     2 |     1 ||     3
Armor: Scale mail        |    13 |     2 ||    15
Dodge: Dodged            |    14 |     3 ||    17
Block: Kite shield       |    13 |     4 ||    17
